Map: Emerald City LE

Players

MattBarry

  • Race: Terran Terran
  • Spawn Location: 5:00

MattBarry

  • Race: Zerg Zerg
  • Spawn Location: 5:00

MeSoSleepy - Winner!

  • Race: Zerg Zerg
  • Spawn Location: 11:00

Bepis - Winner!

  • Race: Protoss Protoss
  • Spawn Location: 11:00

VOD

Have the link to the VOD?

Description

Time

  • Played on: Dec. 21, 2022, 1:21 a.m.
  • Length: 19:39
Show
View Real Time Build Order
Export as new Build Order

MattBarry Terran 

Build Orders: Mech 

Get SALT Encoding   

  12  0:01  SCV  
  13  0:13  SCV  
  14  0:19  Supply Depot  
  14  0:25  SCV  
  15  0:29  Refinery  
  15  0:40  SCV  
  16  0:48  Barracks  
  16  0:53  SCV  
  17  1:05  SCV  
  18  1:17  SCV  
  18  1:18  Supply Depot  
  19  1:29  SCV  
  20  1:38  Factory  
  20  1:42  SCV  
  21  1:54  SCV  
  21  1:56  Barracks Reactor  
  22  2:06  SCV  
  22  2:08  Command Center  
  23  2:18  SCV  
  24  2:23  Widow Mine  
  26  2:30  SCV, Refinery  
  27  2:38  Supply Depot  
  27  2:42  SCV  
  28  2:54  Marine, SCV  
  30  3:00  Supply Depot, Hellion x2  
  34  3:15  SCV  
  35  3:24  Hellion x2  
  41  3:28  Orbital Command  
  41  3:30  Orbital Command  
  39  3:53  SCV  
  39  3:55  SCV  
  39  4:05  SCV  
  39  4:07  SCV, Hellion x2  
  45  4:12  Factory  
  45  4:15  Factory, Refinery  
  45  4:17  SCV  
  45  4:19  SCV  
  47  4:29  SCV  
  48  4:31  SCV  
  48  4:33  Supply Depot  
  48  4:37  Hellion x2  
  53  4:41  SCV  
  53  4:44  SCV  
  55  4:53  SCV  
  55  4:56  SCV  
  55  4:59  Factory Tech Lab  
  57  5:00  Factory Tech Lab  
  57  5:01  Armory  
  57  5:05  Starport  
  57  5:07  SCV  
  57  5:08  SCV  
  57  5:13  Hellion x2  
  63  5:23  Siege Tank x2  
  63  5:27  Infernal Pre-Igniter  
  69  5:31  Refinery  
  57  5:57  Hellion x2, Siege Tank  
  57  5:58  Siege Tank  
  67  6:09  Supply Depot  
  67  6:12  Terran Vehicle Weapons Level 1  
  67  6:13  Supply Depot, SCV x2  
  67  6:16  Starport Reactor  
  67  6:17  Command Center  
  69  6:26  Supply Depot  
  69  6:27  Supply Depot  
  69  6:30  SCV  
  69  6:31  SCV  
  71  6:40  Hellion x3  
  71  6:41  Hellion  
  79  6:47  Supply Depot, SCV x2  
  79  6:49  Supply Depot  
  79  6:51  Drilling Claws  
  81  7:00  SCV x2  
  83  7:02  Siege Tank x2  
  83  7:03  Hellion x2  
  93  7:10  Medivac  
  93  7:11  Medivac  
  93  7:12  SCV x2  
  99  7:20  Armory  
  89  7:45  Hellion  
  89  7:46  Hellion x3  
  97  7:54  Orbital Command  
  97  8:02  Factory  
  97  8:05  Terran Vehicle Weapons Level 2  
  97  8:08  Terran Vehicle And Ship Armor Level 1  
  97  8:26  SCV x2  
  99  8:27  Siege Tank x2  
  99  8:28  Hellion x2  
  109  8:44  SCV  
  109  8:45  SCV  
  111  8:49  Hellion x2  
  115  8:59  Siege Tank x2  
  119  9:23  Hellion x2  
  121  9:31  Siege Tank  
  121  9:32  Supply Depot, Siege Tank  
  121  9:33  Supply Depot, Orbital Command  
  121  9:34  Supply Depot  
  121  9:37  Supply Depot  
  127  9:43  Command Center  
  115  10:03  Siege Tank  
  115  10:04  Siege Tank  
  117  10:21  SCV x3  
  120  10:30  Hellion x2  
  120  10:33  SCV  
  125  10:36  Siege Tank  
  125  10:40  Hellion  
  130  10:51  Hellion  
  132  11:01  Siege Tank  
  132  11:02  Hellion  
  137  11:08  Siege Tank  
  135  11:13  Hellion  
  134  11:24  Hellion  
  132  11:34  Hellion  
  132  11:38  Hellion  
  136  11:40  Siege Tank  
  136  11:45  Hellion  
  138  11:55  Siege Tank  
  138  11:59  Hellion  
  140  12:07  Hellion  
  142  12:08  Refinery  
  142  12:09  Refinery  
  142  12:12  Hellion  
  144  12:21  Hellion  
  137  12:42  Hellion x2  
  137  12:43  Siege Tank, Hellion  
  146  13:03  Thor  
  152  13:15  Thor, Hellion x2  
  106  13:37  Hellion x2  
  94  13:46  Thor  
  95  13:56  Factory  
  95  13:57  Factory  
  95  13:58  Factory, Thor  
  95  14:00  Factory  
  101  14:14  Hellion x2  
  99  14:29  Siege Tank  
  102  14:31  Factory Tech Lab  
  102  14:41  SCV x4, Siege Tank  
  109  14:53  SCV  
  109  14:57  Factory Tech Lab x4  
  109  15:01  Thor  
  114  15:12  Thor  
  120  15:14  Siege Tank  
  120  15:16  Siege Tank x4  
  133  15:29  SCV x3  
  136  15:41  SCV x3  
  139  15:44  Hellion, Command Center, Siege Tank  
  139  15:45  Hellion  
  139  15:46  Siege Tank  
  139  15:48  Siege Tank x3  
  139  15:49  Siege Tank  
  161  15:56  Siege Tank  
  164  16:10  Terran Vehicle Weapons Level 3  
  164  16:11  Terran Vehicle And Ship Armor Level 2  
  164  16:16  Siege Tank  
  164  16:17  Hellion x2  
  171  16:18  Siege Tank  
  171  16:21  Hellion x3  
  180  16:45  Hellion x5  
  180  16:47  Thor  
  190  16:48  Hellion  
  190  16:49  Hellion  
  200  17:02  Orbital Command  
  200  17:04  Command Center  
  200  17:06  Refinery  
  200  17:09  Refinery  
  194  17:56  Siege Tank x2  
  185  18:41  Siege Tank x3  
  103  19:13  Hellion x2  
Show
View Real Time Build Order
Export as new Build Order

MattBarry Zerg 

Build Orders: Hatch First 

Get SALT Encoding   

  12  0:02  Drone  
  13  0:12  Overlord  
  13  0:22  Overlord  
  13  0:26  Drone  
  14  0:55  Drone  
  14  0:56  Hatchery  
  14  1:06  Drone  
  15  1:16  Spawning Pool  
  14  1:30  Extractor  
  13  1:55  Drone  
  14  2:02  Drone x2  
  14  2:05  Queen  
  18  2:10  Queen  
  18  2:15  Drone  
  21  2:40  Queen  
  23  2:46  Drone x3  
  26  2:58  Drone x3  
  29  3:10  Drone x2  
  29  3:11  Drone  
  32  3:15  Metabolic Boost, Extractor  
  31  3:32  Drone x2  
  33  3:35  Drone  
  33  3:37  Zergling x2  
  33  3:38  Zergling x2  
  36  3:53  Evolution Chamber  
  35  3:55  Zergling x2  
  35  3:57  Overlord x2  
  36  4:37  Evolution Chamber  
  35  4:38  Zerg Melee Weapons Level 1  
  35  4:39  Zergling x4  
  35  4:40  Zergling x2  
  38  4:55  Drone x3  
  38  4:56  Drone x2  
  38  4:57  Drone  
  44  5:06  Zerg Ground Armor Level 1  
  44  5:11  Lair  
  46  5:50  Zergling x10  
  46  5:51  Zergling x2  
  50  6:08  Overlord  
  50  6:09  Overlord  
  50  6:17  Spire  
  49  6:20  Drone x2  
  49  6:23  Zergling x2  
  49  6:25  Overlord x2  
  52  6:53  Zergling x6, Drone  
  57  6:54  Drone x4  
  57  6:55  Drone  
  61  7:04  Hatchery  
  60  7:25  Hatchery  
  58  7:51  Extractor  
  57  8:21  Overseer  
  57  8:26  Queen  
  59  8:37  Infestation Pit  
  58  8:43  Corruptor x2  
  58  8:44  Corruptor  
  58  8:45  Corruptor  
  66  8:49  Mutalisk x4  
  66  8:51  Overlord  
  66  8:54  Zerg Missile Weapons Level 1  
  74  8:55  Zerg Ground Armor Level 2  
  74  9:02  Queen  
  76  9:12  Drone x2  
  76  9:13  Drone  
  79  9:34  Drone x4  
  79  9:35  Drone  
  84  9:53  Extractor  
  84  9:58  Drone x4  
  87  10:00  Mutalisk x4  
  95  11:18  Mutalisk x3, Corruptor  
  95  11:20  Overlord  
  95  11:21  Overlord x3  
  95  11:22  Drone  
  98  11:38  Corruptor x6  
  94  11:47  Corruptor  
  96  11:55  Extractor  
  96  12:00  Extractor  
  94  12:14  Zerg Flyer Weapons Level 1  
  94  12:36  Corruptor x2  
  94  12:37  Corruptor x2  
  94  12:44  Drone  
  103  12:45  Drone x2  
  103  12:48  Zergling x6  
  103  12:49  Zergling x2  
  91  13:45  Zergling x12  
  91  13:46  Zergling x16  
  79  14:22  Zergling x2  
  79  14:23  Zergling x22  
  89  14:39  Corruptor x4  
  89  14:40  Corruptor x2  
  89  14:41  Corruptor  
  89  14:42  Zergling x4  
  105  15:05  Corruptor x6  
  105  15:06  Corruptor x4  
  125  15:56  Overlord  
  125  15:57  Overlord x2  
  125  15:59  Overlord  
  125  16:00  Drone x2  
  127  17:05  Hatchery  
  126  17:23  Hive  
  116  18:00  Extractor  
  115  18:17  Zergling x4  
  115  18:18  Zergling x4  
  119  18:25  Extractor  
  114  18:33  Zergling x30  
  114  18:34  Zergling x10  
Show
View Real Time Build Order
Export as new Build Order

MeSoSleepy Zerg - Winner!

Build Orders: Hatch First 

Get SALT Encoding   

  12  0:17  Drone x2, Overlord  
  14  0:37  Overlord  
  14  0:52  Drone x2  
  16  1:09  Hatchery, Drone  
  16  1:16  Drone  
  17  1:26  Spawning Pool  
  17  1:27  Extractor  
  17  1:28  Drone  
  16  1:41  Drone  
  16  1:44  Drone  
  18  1:54  Drone  
  19  2:04  Drone  
  20  2:23  Drone  
  20  2:25  Queen  
  23  2:31  Queen  
  23  2:33  Hatchery  
  24  2:42  Drone  
  25  2:48  Drone  
  26  2:51  Drone x2  
  26  2:52  Drone  
  26  2:58  Drone  
  30  3:01  Extractor  
  30  3:03  Drone  
  30  3:05  Drone  
  31  3:15  Lair  
  31  3:32  Metabolic Boost  
  31  3:33  Baneling Nest  
  30  3:37  Queen  
  30  3:39  Drone x2  
  30  3:40  Drone x2  
  36  3:47  Overlord  
  36  3:59  Spine Crawler  
  36  4:00  Spore Crawler, Drone x2  
  36  4:01  Spine Crawler  
  35  4:03  Drone  
  36  4:13  Spine Crawler  
  35  4:19  Drone x2  
  35  4:20  Drone  
  38  4:24  Queen  
  38  4:25  Drone  
  38  4:27  Drone  
  38  4:30  Drone  
  43  4:34  Zergling x4  
  45  4:39  Drone  
  45  4:40  Drone  
  45  4:41  Drone  
  48  4:46  Overlord  
  48  4:48  Drone x2  
  50  5:03  Overlord  
  50  5:05  Drone x2  
  50  5:06  Drone x5  
  57  5:25  Evolution Chamber  
  57  5:27  Evolution Chamber  
  55  5:31  Centrifugal Hooks  
  55  5:38  Spore Crawler  
  55  5:40  Overseer  
  55  5:42  Zergling x2  
  55  5:43  Zergling x22  
  66  6:03  Pneumatized Carapace  
  66  6:09  Overlord  
  66  6:10  Overlord x2  
  66  6:14  Evolution Chamber  
  66  6:15  Zerg Ground Armor Level 1, Zerg Melee Weapons Level 1  
  65  6:20  Zergling x2  
  66  6:27  Drone  
  66  6:28  Drone x6  
  73  6:41  Drone  
  74  6:48  Spore Crawler x2  
  74  6:49  Queen  
  74  7:05  Drone x3  
  74  7:06  Drone x3  
  80  7:09  Extractor  
  80  7:12  Extractor  
  80  7:13  Overlord x2  
  78  7:23  Zerg Missile Weapons Level 1  
  78  7:24  Infestation Pit  
  78  7:25  Queen  
  78  7:33  Overseer  
  72  7:53  Overlord x2  
  72  7:55  Drone x5  
  72  7:56  Drone x2  
  79  8:07  Drone  
  80  8:20  Extractor  
  80  8:23  Extractor  
  78  8:27  Spore Crawler  
  78  8:30  Spore Crawler  
  78  8:33  Spore Crawler  
  75  8:34  Spore Crawler  
  75  8:36  Hive  
  74  8:43  Hydralisk Den  
  74  8:46  Spore Crawler  
  74  8:47  Drone x3  
  74  8:48  Spore Crawler, Drone x3  
  77  8:53  Spore Crawler  
  77  8:55  Spore Crawler  
  62  9:12  Spore Crawler  
  62  9:16  Spore Crawler  
  51  9:28  Drone x4  
  55  9:35  Zergling x8  
  55  9:36  Zergling x14  
  66  9:40  Zerg Melee Weapons Level 2  
  66  9:41  Zerg Ground Armor Level 2  
  66  9:44  Grooved Spines  
  66  9:50  Spore Crawler  
  66  9:51  Hydralisk x2  
  66  9:52  Hydralisk  
  71  10:03  Overlord x6  
  71  10:17  Queen  
  71  10:19  Spine Crawler  
  71  10:21  Hydralisk x7  
  86  10:35  Viper x2  
  86  10:42  Drone  
  93  10:49  Spore Crawler  
  92  10:56  Muscular Augments  
  92  10:59  Zergling x2  
  92  11:00  Zergling x16  
  101  11:20  Drone  
  101  11:21  Zergling x8  
  101  11:22  Zergling x2  
  107  11:27  Drone  
  90  12:03  Hydralisk  
  90  12:04  Viper x2  
  90  12:05  Zergling x2  
  90  12:06  Zergling x26  
  90  12:07  Zergling x2  
  111  12:25  Viper x3  
  111  12:28  Hydralisk  
  111  12:29  Hydralisk x2  
  121  12:51  Drone x2  
  122  13:05  Zergling x16  
  126  13:06  Zergling x2  
  126  13:07  Adrenal Glands  
  103  13:55  Hydralisk x2  
  103  13:56  Hydralisk x3, Zergling x8  
  103  13:59  Overseer  
  117  14:12  Zerg Ground Armor Level 3  
  117  14:13  Zerg Melee Weapons Level 3  
  117  14:16  Zerg Missile Weapons Level 2  
  117  14:25  Hatchery  
  116  14:44  Spore Crawler  
  116  14:45  Drone x5  
  119  14:47  Spine Crawler  
  119  15:06  Zergling x8  
  119  15:07  Zergling x8  
  125  15:09  Queen  
  129  15:35  Lurker Den  
  128  15:52  Spire  
  127  16:07  Overseer  
  127  16:10  Hydralisk x2  
  127  16:11  Hydralisk  
  131  16:12  Hydralisk x4, Zergling x8  
  131  16:13  Hydralisk, Zergling x8  
  131  16:14  Zergling x4  
  153  16:22  Queen  
  145  17:01  Hydralisk, Zergling x2, Hatchery  
  144  17:02  Hydralisk x2, Zergling x2  
  144  17:03  Hydralisk x5  
  144  17:04  Hydralisk, Zergling x6  
  144  17:05  Hydralisk x2, Zergling x2  
  144  17:06  Zergling x2  
  172  17:10  Greater Spire  
  172  17:16  Seismic Spines  
  139  17:44  Hydralisk  
  139  17:45  Hydralisk x5, Zergling x8  
  139  17:46  Hydralisk, Zergling x8  
  160  18:13  Zergling x2, Adaptive Talons  
  160  18:14  Zergling x14  
  160  18:15  Drone  
  144  19:01  Zergling x2  
  144  19:02  Zergling x30  
  109  19:19  Zergling x2  
  109  19:20  Zergling x10  
Show
View Real Time Build Order
Export as new Build Order

Bepis Protoss - Winner!

Build Orders: 1 Gate Expand, Colossus Rush 

Get SALT Encoding   

  12  0:00  Probe  
  13  0:12  Probe  
  14  0:18  Pylon  
  14  0:24  Probe  
  15  0:36  Probe (Chrono Boost)  
  15  0:40  Gateway  
  16  0:46  Assimilator  
  16  0:49  Probe (Chrono Boost)  
  18  0:57  Probe (Chrono Boost)  
  18  1:05  Probe  
  19  1:17  Probe  
  20  1:31  Nexus  
  20  1:33  Pylon  
  20  1:34  Probe  
  21  1:46  Probe  
  22  1:49  Cybernetics Core  
  22  1:55  Assimilator  
  22  1:58  Probe  
  23  2:10  Probe  
  23  2:11  Gateway  
  24  2:25  Probe  
  24  2:26  Warp Gate  
  24  2:28  Adept (Chrono Boost)  
  27  2:40  Probe (Chrono Boost)  
  28  2:46  Robotics Facility, Probe (Chrono Boost)  
  29  2:51  Adept (Chrono Boost)  
  29  2:57  Probe (Chrono Boost)  
  32  2:59  Probe (Chrono Boost)  
  32  3:03  Probe (Chrono Boost)  
  36  3:07  Adept (Chrono Boost), Probe  
  37  3:15  Probe  
  37  3:19  Probe  
  39  3:26  Pylon  
  39  3:27  Probe  
  39  3:31  Probe  
  39  3:32  Pylon  
  41  3:39  Probe  
  41  3:43  Probe  
  42  3:49  Robotics Bay  
  42  3:52  Probe  
  43  3:58  Shield Battery  
  41  4:07  Nexus  
  41  4:09  Probe x2  
  43  4:11  Assimilator  
  43  4:17  Sentry  
  45  4:26  Probe (Chrono Boost)  
  45  4:30  Assimilator, Probe (Chrono Boost)  
  47  4:31  Stalker  
  47  4:34  Phoenix  
  47  4:35  Colossus (Chrono Boost)  
  50  4:40  Probe (Chrono Boost)  
  50  4:41  Probe (Chrono Boost)  
  50  4:44  Forge  
  57  4:46  Extended Thermal Lance  
  57  4:50  Probe x2  
  59  5:02  Probe  
  59  5:06  Probe  
  61  5:14  Probe  
  61  5:17  Pylon  
  61  5:18  Probe  
  61  5:20  Gateway  
  63  5:26  Probe  
  64  5:30  Probe x2  
  66  5:40  Stalker x2  
  66  5:45  Colossus  
  68  5:51  Probe (Chrono Boost)  
  68  5:56  Probe (Chrono Boost)  
  69  5:57  Probe (Chrono Boost)  
  69  6:01  Probe (Chrono Boost)  
  71  6:04  Protoss Ground Weapons Level 1 (Chrono Boost)  
  71  6:05  Probe x2 (Chrono Boost)  
  72  6:12  Probe  
  72  6:15  Probe  
  74  6:18  Robotics Facility  
  74  6:21  Gateway  
  74  6:23  Probe  
  74  6:24  Gateway, Probe  
  76  6:27  Probe  
  77  6:35  Probe  
  77  6:36  Forge  
  78  6:40  Probe x2  
  78  6:41  Pylon  
  78  6:46  Pylon  
  80  6:47  Pylon, Probe  
  80  6:50  Gateway  
  81  6:57  Zealot x2  
  81  7:00  Probe x2  
  87  7:02  Pylon  
  87  7:06  Shield Battery  
  87  7:07  Gateway, Assimilator  
  87  7:11  Assimilator  
  87  7:14  Pylon  
  87  7:17  Stalker x2  
  87  7:18  Zealot x2  
  95  7:26  Twilight Council, Protoss Ground Armor Level 1 (Chrono Boost)  
  95  7:32  Immortal (Chrono Boost)  
  95  7:35  Disruptor (Chrono Boost)  
  102  7:40  Probe  
  102  7:41  Probe  
  104  7:55  Stalker x2  
  104  7:56  Stalker x4  
  116  8:06  Disruptor (Chrono Boost)  
  116  8:08  Gateway  
  116  8:09  Gateway  
  119  8:13  Gateway  
  119  8:27  Pylon  
  119  8:28  Nexus  
  119  8:35  Pylon  
  119  8:38  Charge (Chrono Boost)  
  119  8:47  Templar Archives  
  119  8:50  Pylon  
  119  8:51  Colossus (Chrono Boost)  
  118  8:56  Stalker x5  
  118  8:57  Stalker  
  140  9:06  Immortal (Chrono Boost)  
  140  9:15  Probe  
  141  9:19  Gravitic Drive (Chrono Boost)  
  141  9:25  Protoss Ground Weapons Level 2 (Chrono Boost)  
  141  9:43  Probe  
  141  9:44  Probe x2  
  144  9:47  Gateway  
  144  9:48  Gateway  
  144  9:52  Stalker x4  
  152  9:53  Stalker  
  153  10:07  Disruptor  
  156  10:15  Probe  
  156  10:17  Psionic Storm, Protoss Ground Armor Level 2 (Chrono Boost), Assimilator  
  156  10:20  Assimilator  
  157  10:21  Probe  
  157  10:22  Probe  
  157  10:23  Photon Cannon  
  157  10:24  Photon Cannon  
  157  10:26  Shield Battery  
  157  10:27  Probe  
  157  10:28  Probe  
  161  10:29  Photon Cannon  
  161  10:34  Probe x2  
  163  10:39  Probe  
  164  10:48  Pylon  
  164  10:50  Pylon  
  164  10:51  Pylon  
  164  10:54  Pylon  
  164  11:06  Probe x2  
  164  11:08  Pylon  
  164  11:11  Immortal x2 (Chrono Boost)  
  164  11:17  Zealot x3  
  164  11:18  Zealot x3  
  176  11:19  Zealot x4, Blink (Chrono Boost)  
  163  11:37  High Templar  
  163  11:38  High Templar x3  
  171  11:43  Archon x2  
  140  12:02  Immortal (Chrono Boost)  
  148  12:09  Immortal (Chrono Boost)  
  148  12:11  Zealot  
  148  12:12  Zealot x5  
  148  12:13  Zealot x3  
  148  12:14  Zealot  
  168  12:25  Protoss Ground Weapons Level 3 (Chrono Boost)  
  168  12:27  Probe  
  155  12:38  Immortal (Chrono Boost)  
  155  12:39  Probe  
  155  12:41  Immortal (Chrono Boost)  
  162  12:49  Protoss Shields Level 1 (Chrono Boost)  
  162  12:55  High Templar x3  
  162  12:56  High Templar x5  
  162  12:57  High Templar  
  180  13:00  Archon x3  
  180  13:01  Archon  
  165  13:28  Immortal x2  
  141  13:43  Stalker x4  
  141  13:44  Stalker x3  
  155  13:56  Probe  
  155  13:57  Probe x2  
  155  14:01  Stargate  
  158  14:03  Probe  
  158  14:04  Stargate  
  158  14:08  Gateway  
  159  14:10  Gateway  
  159  14:13  Stargate  
  159  14:14  Gateway  
  159  14:18  Stargate  
  159  14:22  Protoss Air Weapons Level 1 (Chrono Boost)  
  156  14:35  Nexus  
  156  14:37  Zealot x2, Pylon  
  156  14:38  Zealot x4, Pylon  
  166  14:42  Disruptor (Chrono Boost)  
  174  14:45  Immortal (Chrono Boost)  
  175  15:00  Fleet Beacon, Protoss Shields Level 2 (Chrono Boost)  
  175  15:30  Immortal (Chrono Boost)  
  175  15:31  Cybernetics Core, Disruptor (Chrono Boost)  
  182  15:52  Probe  
  182  15:54  Assimilator  
  183  15:58  Assimilator  
  181  16:05  Probe  
  182  16:13  Immortal  
  182  16:16  High Templar x4  
  182  16:18  High Templar x2  
  196  16:21  Archon x2  
  196  16:22  Archon  
  198  16:39  Gateway  
  198  16:41  Gateway, Photon Cannon  
  198  16:47  Pylon  
  198  16:52  Probe x2  
  200  17:20  Protoss Air Weapons Level 2 (Chrono Boost)  
  200  17:34  Gateway  
  190  18:39  Immortal (Chrono Boost)  
  190  18:47  Stalker x3  
  200  18:49  Immortal (Chrono Boost)  
  175  19:28  Stalker x5  
  175  19:29  Stalker x5  
  175  19:30  High Templar x2  
Tags
 
Add a new tag
Caveats
  • Supply blocks, unpowered buildings, or Contaminate may cause inaccurate times.
  • Supply counts are checked every 10 seconds.